 Dungeon Crawl Stone Soup version 0.30-a0-1018-g25214051b3 (webtiles) character file.

Game seed: 14257365976672811500

2 DeathPants the Chopper (level 1, -2/16 HPs)
             Began as a Demonspawn Gladiator on Apr 7, 2023.
             Succumbed to a kobold's poison
             ... on level 2 of the Dungeon.
             The game lasted 00:00:24 (70 turns).

DeathPants the Chopper (Demonspawn Gladiator)         Turns: 70, Time: 00:00:25

Health: -2/16      AC:  4    Str: 14    XL:     1   Next: 33%
Magic:  1/1        EV: 12    Int:  9    God:
Gold:   5          SH:  0    Dex: 14    Spells: 0/0 levels left

rFire   . . .      SeeInvis .    a - +0 war axe
rCold   . . .      Faith    .    (no shield)
rNeg    . . .      Spirit   .    b - +0 leather armour
rPois   .          Reflect  .    c - +0 helmet
rElec   .          Rampage  .    (no cloak)
rCorr   .                        (no gloves)
Will    .....                    (no boots)
Stlth   +                        (no amulet)
HPRegen 0.22/turn                (no ring)
MPRegen 0.07/turn                (no ring)

@: lethally poisoned (-2 -> -14)
A: no striking features
a: no special abilities


You were on level 2 of the Dungeon.
You visited 1 branch of the dungeon, and saw 2 of its levels.

You collected 5 gold pieces.

Inventory:

Hand Weapons
 a - a +0 war axe (weapon)
Missiles
 d - 3 throwing nets (quivered)
 e - a javelin
Armour
 b - a +0 leather armour (worn)
 c - a +0 helmet (worn)
Scrolls
 f - a scroll of immolation {unknown}
 g - a scroll of acquirement {unknown}


   Skills:
 + Level 2.0 Fighting
 * Level 2.8 Axes
 - Level 1.7 Throwing
 - Level 2.6 Dodging


You couldn't memorise any spells.
You didn't know any spells.
Your spell library was empty.

Dungeon Overview and Level Annotations

Branches:
Dungeon (2/15)

Altars:


Message History

The hobgoblin is almost dead.
The hobgoblin closely misses you.
You slash the hobgoblin!
You kill the hobgoblin!
You now have 5 gold pieces.
f - a scroll labelled BINNAC ILOZ
g - a scroll labelled ETRUMA INOTT
Found 5 stones.
Found a stone staircase leading down.
Found 17 gold pieces and a bubbling red potion.
A goblin comes into view. It is wielding a +0 dagger.
A kobold comes into view. It is wielding a +1 dagger of venom.
The goblin shouts!
The kobold shouts!
You hear an angry hiss.
You hear a shout! x2
A frilled lizard comes into view.
A goblin and a giant cockroach come into view.
The goblin is wielding a +1 dagger of speed.
The goblin shouts!
There is a stone staircase leading down here.
You climb downwards.
Found a stone staircase leading down.
There is a stone staircase leading up here.
You climb upwards.
The frilled lizard hisses angrily.
The frilled lizard closely misses you. The kobold hits you but does no damage.
You are poisoned.
The giant cockroach bites you.
There is a stone staircase leading down here.
You feel very sick. The frilled lizard barely misses you.
The kobold hits you with a +1 dagger of venom.
You are lethally poisoned!
The goblin hits you but does no damage. The giant cockroach closely misses you.
You climb downwards.
* * * LOW HITPOINT WARNING * * *
You feel very sick.
There is a stone staircase leading up here.
You slash the giant cockroach!
You kill the giant cockroach!
You hit the goblin. You hit the kobold.
You kill the kobold!
You die...

.. .#
##.##
#...
#..#
#.l###
#g)..#
#@# #.#
#.. #>..
#....
#.....
#......
#......#


You could see a goblin and a frilled lizard.

Vanquished Creatures
  An endoplasm (D:1)
  A giant cockroach (D:2)
  A hobgoblin (D:1)
  A kobold (D:2)
4 creatures vanquished.

Notes
Turn   | Place    | Note
-------+----------+-------------------------------------------
     0 | D:1      | DeathPants the Demonspawn Gladiator began the quest for the
                  | Orb.
     0 | D:1      | Reached XP level 1. HP: 16/16 MP: 1/1
    70 | D:2      | Succumbed to a kobold's poison

Illustrated notes

Levels and vault maps discovered:
D:1:      lordsloth_arrival_two_stooges, layout_rooms, serial_shops,
          nicolae_shop_behind_doors, shapermc_ecumenical_altar_pompeii
D:2:      layout_loops_cross, kennysheep_generic_room_12

Action                     || total
---------------------------++-------
  Melee: War axe           ||     7
 Armour: Leather armour    ||     4
  Dodge: Dodged            ||     7

Table legend: (Time is in decaauts)
 A = Elapsed time spent in this place.
 B = Non-inter-level travel time spent in this place.
 C = Inter-level travel time spent in this place.
 D = Time resting spent in this place.
 E = Time spent auto-exploring this place.
 F = Levels seen in this place.
 G = Mean time per level.
                   A        B        C        D        E       F      G
               +--------+--------+--------+--------+--------+-----+--------+
         Total |     72 |     72 |      0 |      0 |     44 |   2 |   36.0 |
       Dungeon |     72 |     72 |      0 |      0 |     44 |   2 |   36.0 |
               +--------+--------+--------+--------+--------+-----+--------+

Top non-repeatable levels by time:
     D:1: 69 daAuts
     D:2: 3 daAuts
